APP
OAKLAND (APP) ATHLETICS @ PULASKI YANKEES
10/04/2045
 
TOP OF THE 1ST
Greeneville Astros batting - Pitching for Princeton Rays : LHP Jonathan Daniels
Pitching: LHP Jonathan Daniels
Batting: RHB Edgar Trejo 0-0: Called Strike
0-1: Bunted foul
0-2: Strikes out swinging
Batting: RHB Sean Mounts 0-0: Ground out 6-3 (Groundball, 56, EV 81.2 MPH)
Batting: RHB Ryan Salas 0-0: Ball
1-0: Called Strike
1-1: Called Strike
1-2: Strikes out looking
Top of the 1st over - 0 runs, 0 hits, 0 errors, 0 left on base; Greeneville 0 - Princeton 0
BOTTOM OF THE 1ST
Princeton Rays batting - Pitching for Greeneville Astros : RHP Oscar Andrade
Pitching: RHP Oscar Andrade
Batting: SHB Chris Lockart 0-0: Ball
1-0: Called Strike
1-1: Ball
2-1: Ball
3-1: Base on Balls
Batting: RHB Chris Thorson 0-0: Ball
1-0: Called Strike
1-1: Called Strike
1-2: Ball
2-2: SINGLE (Groundball, 4MD, EV 105.0 MPH)
Chris Lockart to second
Batting: LHB Rocky Crowley 0-0: Ball
1-0: Called Strike
1-1: Foul Ball, location: 2F
1-2: Fly out, F8 (Flyball, 8LXD, EV 78.8 MPH)
Runner from 2nd tags up, SAFE at 3rd, no throw by CF
Batting: SHB Lou Kroneman 0-0: Foul Ball, location: 2F
0-1: Foul Ball, location: 2F
0-2: Ball
1-2: Strikes out swinging
Pitching: RHP Tim Watson
Batting: LHB Josh Redfern 0-0: Ball
1-0: Foul Ball, location: 2F
1-1: Foul Ball, location: 2F
1-2: Ball
2-2: Foul Ball, location: 2F
2-2: SINGLE (Groundball, 3D, EV 108.8 MPH)
Chris Lockart scores
Chris Thorson to second
Runner from 2nd tries for 3rd, SAFE, throw by RF made to third
Batting: SHB Wayne Hattan 0-0: Called Strike
0-1: Foul Ball, location: 2F
0-2: Ball
1-2: Ball
2-2: SINGLE (Line Drive, 7LS, EV 86.2 MPH)
Chris Thorson scores
Josh Redfern to second
Batting: RHB Kunizo Yanagisawa 0-0: Swinging Strike
0-1: Ball
1-1: Ball
2-1: Foul Ball, location: 2F
2-2: Fly out, F8 (Flyball, 8RM, EV 91.9 MPH)
Bottom of the 1st over - 2 runs, 3 hits, 0 errors, 2 left on base; Greeneville 0 - Princeton 2
TOP OF THE 2ND
Greeneville Astros batting - Pitching for Princeton Rays : LHP Jonathan Daniels
Batting: SHB Danny Jensen 0-0: Called Strike
0-1: Ball
1-1: Called Strike
1-2: Strikes out swinging
Batting: LHB Josh Birkner 0-0: Called Strike
0-1: DOUBLE (Line Drive, 7LM, EV 106.9 MPH)
Batting: RHB Workneh Lagat 0-0: Swinging Strike
0-1: Called Strike
0-2: Ball
1-2: Strikes out swinging
Batting: LHB Jackson Trottier 0-0: Foul Ball, location: 2F
0-1: Ball
1-1: Ball
2-1: Called Strike
2-2: Strikes out swinging
Top of the 2nd over - 0 runs, 1 hit, 0 errors, 1 left on base; Greeneville 0 - Princeton 2
BOTTOM OF THE 2ND
Princeton Rays batting - Pitching for Greeneville Astros : RHP Tim Watson
Batting: RHB Bazyli Andrysiak 0-0: Ball
1-0: Called Strike
1-1: Ground out 4-3 (Groundball, 34, EV 100.6 MPH)
Batting: LHB Zach Rose 0-0: Called Strike
0-1: Ball
1-1: Ball
2-1: Ball
3-1: Called Strike
3-2: Base on Balls
Batting: SHB Chris Lockart 0-0: Ball
1-0: Ball
2-0: Ball
3-0: Called Strike
3-1: Foul Ball, location: 2F
3-2: Base on Balls
Zach Rose to second
Batting: RHB Chris Thorson 0-0: Ball
1-0: Called Strike
1-1: Ball
2-1: Swinging Strike
2-2: Foul Ball, location: 2F
2-2: Ball
3-2: DOUBLE (Flyball, 8LXD, EV 109.4 MPH)
Zach Rose scores
Chris Lockart to third
Batting: LHB Rocky Crowley 0-0: Called Strike
0-1: Fly out, F8 (Flyball, 8LD, EV 98.1 MPH)
Runner from 3rd tags up, SCORES, throw by CF
Chris Thorson to third
Batting: SHB Lou Kroneman 0-0: Ball
1-0: Ball
2-0: Called Strike
2-1: DOUBLE (Line Drive, 7LS, EV 95.6 MPH)
Chris Thorson scores
Batting: LHB Josh Redfern 0-0: Ball
1-0: Called Strike
1-1: Ball
2-1: SINGLE (Groundball, 6MS, EV 72.5 MPH) (infield hit)
Lou Kroneman to third
Batting: SHB Wayne Hattan 0-0: Ball
1-0: Called Strike
1-1: 3-RUN HOME RUN (Flyball, 9D, EV 98.8 MPH), Distance : 393 ft
Batting: RHB Kunizo Yanagisawa 0-0: SINGLE (Flyball, 8RS, EV 90.0 MPH)
Batting: RHB Bazyli Andrysiak 0-0: Fielders Choice at 2nd, U4 (Groundball, 4M, EV 82.5 MPH)
Bottom of the 2nd over - 6 runs, 5 hits, 0 errors, 1 left on base; Greeneville 0 - Princeton 8
TOP OF THE 3RD
Greeneville Astros batting - Pitching for Princeton Rays : LHP Jonathan Daniels
Batting: LHB Lou Toth 0-0: Ball
1-0: Swinging Strike
1-1: Called Strike
1-2: Ball
2-2: Ball
3-2: Base on Balls
Batting: RHB Guo-ning Chen 0-0: Called Strike
0-1: SINGLE (Groundball, 6MD, EV 93.8 MPH)
Lou Toth to second
Batting: RHB Edgar Trejo 0-0: Called Strike
0-1: Ball
1-1: Grounds into double play, 4-6-3 (Groundball, 4, EV 86.9 MPH)
Lou Toth to third
Batting: RHB Sean Mounts 0-0: Called Strike
0-1: Ball
1-1: Ball
2-1: Ground out 6-3 (Groundball, 6, EV 90.6 MPH)
Top of the 3rd over - 0 runs, 1 hit, 0 errors, 1 left on base; Greeneville 0 - Princeton 8
BOTTOM OF THE 3RD
Princeton Rays batting - Pitching for Greeneville Astros : RHP Tim Watson
Batting: LHB Zach Rose 0-0: Ball
1-0: Ball
2-0: Ball
3-0: Base on Balls
Batting: SHB Chris Lockart 0-0: Ball
1-0: Ball
2-0: Swinging Strike
2-1: Ball
3-1: Base on Balls
Zach Rose to second
Pitching: RHP Ray Fernandez
Batting: RHB Chris Thorson 0-0: Ball
1-0: Called Strike
1-1: SINGLE (Line Drive, 8RS, EV 91.2 MPH)
Zach Rose to third
Chris Lockart to second
Batting: LHB Rocky Crowley 0-0: Called Strike
0-1: Ball
Wild Pitch!
Zach Rose scores
Chris Lockart to third
Chris Thorson to second
1-1: Foul Ball, location: 2F
1-2: Ball
2-2: 3-RUN HOME RUN (Line Drive, 9D, EV 99.4 MPH), Distance : 413 ft
Batting: SHB Lou Kroneman 0-0: Ball
1-0: Foul Ball, location: 2F
1-1: Ball
2-1: Ball
3-1: Base on Balls
Batting: LHB Josh Redfern 0-0: Ball
1-0: Ball
2-0: SINGLE (Groundball, 4D, EV 97.5 MPH)
Lou Kroneman to second
Batting: SHB Wayne Hattan 0-0: Ball
1-0: Grounds into double play, 3-6-3 (Groundball, 34, EV 104.4 MPH)
Lou Kroneman to third
Pitching: RHP Mike Koch
Batting: RHB Kunizo Yanagisawa 0-0: DOUBLE (Line Drive, 7LM, EV 91.9 MPH)
Lou Kroneman scores
Batting: RHB Bazyli Andrysiak 0-0: Fly out, F7 (Flyball, 7LM, EV 100.0 MPH)
Bottom of the 3rd over - 5 runs, 4 hits, 0 errors, 1 left on base; Greeneville 0 - Princeton 13
TOP OF THE 4TH
Greeneville Astros batting - Pitching for Princeton Rays : LHP Jonathan Daniels
Batting: RHB Ryan Salas 0-0: Ball
1-0: Called Strike
1-1: Ground out U3 (Groundball, 34, EV 100.6 MPH)
Batting: SHB Danny Jensen 0-0: Foul Ball, location: 2F
0-1: Ball
1-1: Foul Ball, location: 2F
1-2: Ball
2-2: Strikes out swinging
Batting: LHB Josh Birkner 0-0: Ball
1-0: Called Strike
1-1: Swinging Strike
1-2: Strikes out swinging
Top of the 4th over - 0 runs, 0 hits, 0 errors, 0 left on base; Greeneville 0 - Princeton 13
BOTTOM OF THE 4TH
Princeton Rays batting - Pitching for Greeneville Astros : RHP Mike Koch
Batting: LHB Zach Rose 0-0: Ball
1-0: Ground out U3 (Groundball, 3S, EV 88.8 MPH)
Batting: SHB Chris Lockart 0-0: Foul Ball, location: 2F
0-1: Ball
1-1: DOUBLE (Line Drive, 9LS, EV 111.2 MPH)
Batting: RHB Chris Thorson 0-0: Ball
1-0: Foul Ball, location: 2F
1-1: Ground out 4-3 (Groundball, 4, EV 83.1 MPH)
Chris Lockart to third
Batting: LHB Rocky Crowley 0-0: Ball
1-0: Ground out 4-3 (Groundball, 4, EV 103.8 MPH)
Bottom of the 4th over - 0 runs, 1 hit, 0 errors, 1 left on base; Greeneville 0 - Princeton 13
TOP OF THE 5TH
Greeneville Astros batting - Pitching for Princeton Rays : LHP Jonathan Daniels
Batting: RHB Workneh Lagat 0-0: Called Strike
0-1: SINGLE (Groundball, 6MD, EV 98.8 MPH)
Batting: LHB Jackson Trottier 0-0: Swinging Strike
0-1: Swinging Strike
0-2: Ball
Wild Pitch!
Workneh Lagat to second
1-2: Ball
2-2: Strikes out swinging
Batting: LHB Lou Toth 0-0: Ball
1-0: Ball
Wild Pitch!
Workneh Lagat to third
2-0: Ball
3-0: Called Strike
3-1: Fly out, F6 (Popup, 6, EV 56.9 MPH)
Batting: RHB Guo-ning Chen 0-0: Called Strike
0-1: Foul Ball, location: 2F
0-2: Strikes out swinging
Top of the 5th over - 0 runs, 1 hit, 0 errors, 1 left on base; Greeneville 0 - Princeton 13
BOTTOM OF THE 5TH
Princeton Rays batting - Pitching for Greeneville Astros : RHP Mike Koch
Batting: SHB Lou Kroneman 0-0: Ball
1-0: Ball
2-0: Foul Ball, location: 2F
2-1: Foul Ball, location: 2F
2-2: Foul Ball, location: 2F
2-2: Ball
3-2: Foul Ball, location: 2F
3-2: Base on Balls
Pitching: LHP Ruben Rojas
Batting: LHB Josh Redfern 0-0: Ball
1-0: Foul Ball, location: 2F
1-1: Swinging Strike
1-2: Ball
2-2: Ball
3-2: Base on Balls
Lou Kroneman to second
Batting: SHB Wayne Hattan 0-0: Ball
1-0: Ball
2-0: Called Strike
2-1: Swinging Strike
2-2: Foul Ball, location: 2F
2-2: Ball
Wild Pitch!
Lou Kroneman to third
Josh Redfern to second
3-2: Foul Ball, location: 2F
3-2: Base on Balls
Batting: RHB Kunizo Yanagisawa 0-0: Called Strike
0-1: Foul Ball, location: 2F
0-2: Ball
1-2: Ball
2-2: Foul Ball, location: 2F
2-2: Ball
3-2: Foul Ball, location: 2F
3-2: Grounds into fielders choice 1-2 (Groundball, 13S, EV 66.9 MPH)
Josh Redfern to third
Wayne Hattan to second
Pitching: RHP Gabe Allen
Batting: RHB Bazyli Andrysiak 0-0: Ball
1-0: Ball
2-0: Ball
3-0: Base on Balls
Josh Redfern scores
Wayne Hattan to third
Kunizo Yanagisawa to second
Batting: LHB Zach Rose 0-0: Ball
1-0: Called Strike
1-1: Swinging Strike
1-2: Fly out, F8 (Flyball, 8RD, EV 95.6 MPH)
Runner from 3rd tags up, OUT at HOME! 8-2
Bottom of the 5th over - 1 run, 0 hits, 0 errors, 2 left on base; Greeneville 0 - Princeton 14
TOP OF THE 6TH
Greeneville Astros batting - Pitching for Princeton Rays : LHP Jonathan Daniels
Batting: RHB Edgar Trejo 0-0: Ball
1-0: Fly out, F4 (Popup, 23, EV 86.2 MPH)
Batting: RHB Sean Mounts 0-0: Ball
1-0: SINGLE (Groundball, 6MD, EV 97.5 MPH)
Batting: RHB Ryan Salas 0-0: Ball
1-0: Ball
2-0: Ball
3-0: Swinging Strike
3-1: Swinging Strike
3-2: Strikes out swinging
Sean Mounts steals 2nd base (no throw)
Batter strikes out.
Batting: SHB Danny Jensen 0-0: Ball
1-0: SINGLE (Groundball, 34D, EV 103.8 MPH)
Sean Mounts to third
Runner from 3rd tries for Home, SAFE, throw by RF to home
Batting: LHB Josh Birkner 0-0: Called Strike
0-1: Ball
1-1: Swinging Strike
1-2: Ball
2-2: Foul Ball, location: 2F
2-2: Strikes out looking
Top of the 6th over - 1 run, 2 hits, 0 errors, 1 left on base; Greeneville 1 - Princeton 14
BOTTOM OF THE 6TH
Princeton Rays batting - Pitching for Greeneville Astros : RHP Gabe Allen
Batting: SHB Chris Lockart 0-0: Called Strike
0-1: Ground out 4-3 (Groundball, 4D, EV 86.2 MPH)
Batting: RHB Chris Thorson 0-0: Foul Ball, location: 2F
0-1: Ball
1-1: SINGLE (Groundball, 4D, EV 96.2 MPH)
Batting: LHB Rocky Crowley 0-0: Called Strike
0-1: Ball
1-1: Ball
2-1: Ball
3-1: Base on Balls
Chris Thorson to second
Pitching: RHP Greg Otto
Batting: SHB Lou Kroneman 0-0: Swinging Strike
0-1: Ball
1-1: Ball
2-1: Foul Ball, location: 2F
2-2: Foul Ball, location: 2F
2-2: Foul Ball, location: 2F
2-2: SINGLE (Line Drive, 56, EV 106.2 MPH)
Chris Thorson to third
Rocky Crowley to second
Batting: LHB Josh Redfern 0-0: Ball
1-0: Ball
2-0: Called Strike
2-1: SINGLE (Flyball, 7S, EV 95.6 MPH)
Chris Thorson scores
Rocky Crowley to third
Lou Kroneman to second
Batting: SHB Wayne Hattan 0-0: Foul Ball, location: 2F
0-1: Ball
1-1: Called Strike
1-2: SINGLE (Groundball, 34D, EV 105.6 MPH)
Rocky Crowley scores
Lou Kroneman to third
Josh Redfern to second
Runner from 3rd tries for Home, SAFE, throw by RF to home
Batting: RHB Kunizo Yanagisawa 0-0: Ball
Wild Pitch!
Josh Redfern to third
Wayne Hattan to second
1-0: Ball
2-0: Called Strike
2-1: Swinging Strike
2-2: Foul Ball, location: 2F
2-2: Strikes out looking
Pitching: RHP James Browning
Batting: RHB Bazyli Andrysiak 0-0: Fly out, F9 (Line Drive, 9, EV 90.6 MPH)
Bottom of the 6th over - 3 runs, 4 hits, 0 errors, 2 left on base; Greeneville 1 - Princeton 17
TOP OF THE 7TH
Greeneville Astros batting - Pitching for Princeton Rays : LHP Jonathan Daniels
Batting: RHB Workneh Lagat 0-0: Foul Ball, location: 2F
0-1: SINGLE (Groundball, 6MD, EV 105.0 MPH)
Batting: LHB Jackson Trottier 0-0: Called Strike
0-1: Foul Ball, location: 2F
0-2: Strikes out looking
Batting: LHB Lou Toth 0-0: Ball
1-0: Foul Ball, location: 2F
1-1: SINGLE (Groundball, 34D, EV 106.2 MPH)
Workneh Lagat to second
Batting: RHB Guo-ning Chen 0-0: Called Strike
0-1: Ball
1-1: Ball
2-1: Foul Ball, location: 2F
2-2: Strikes out looking
Batting: RHB Edgar Trejo 0-0: Called Strike
0-1: Fly out, F8 (Flyball, 89D, EV 100.6 MPH)
Top of the 7th over - 0 runs, 2 hits, 0 errors, 2 left on base; Greeneville 1 - Princeton 17
BOTTOM OF THE 7TH
Princeton Rays batting - Pitching for Greeneville Astros : RHP James Browning
Batting: LHB Zach Rose 0-0: Ground out 4-3 (Groundball, 4, EV 104.4 MPH)
Batting: SHB Chris Lockart 0-0: Ball
1-0: Foul Ball, location: 2F
1-1: Ball
2-1: Ball
3-1: Base on Balls
Batting: RHB Chris Thorson 0-0: Called Strike
0-1: Ball
1-1: Foul Ball, location: 2F
1-2: Ball
2-2: Foul Ball, location: 2F
2-2: 2-RUN HOME RUN (Flyball, 7D, EV 96.2 MPH), Distance : 381 ft
Batting: LHB Rocky Crowley 0-0: Ball
1-0: Swinging Strike
1-1: Ball
2-1: Ball
3-1: Foul Ball, location: 2F
3-2: Fly out, F9 (Flyball, 9S, EV 85.0 MPH)
Pinch Hitting: RHB James Huddleston 0-0: Swinging Strike
0-1: Called Strike
0-2: SINGLE (Line Drive, 8RS, EV 105.6 MPH)
Batting: LHB Josh Redfern 0-0: Ground out U3 (Groundball, 3, EV 81.2 MPH)
Bottom of the 7th over - 2 runs, 2 hits, 0 errors, 1 left on base; Greeneville 1 - Princeton 19
TOP OF THE 8TH
Greeneville Astros batting - Pitching for Princeton Rays : LHP Jonathan Daniels
Now at SS: James Huddleston
Batting: RHB Sean Mounts 0-0: Swinging Strike
0-1: Foul Ball, location: 2F
0-2: Ball
1-2: Foul Ball, location: 2F
1-2: Ball
2-2: SINGLE (Groundball, 4MD, EV 96.2 MPH)
Batting: RHB Ryan Salas 0-0: Called Strike
0-1: Ball
1-1: Foul Ball, location: 2F
1-2: Strikes out looking
Pitching: RHP Federico Jimenez
Batting: SHB Danny Jensen 0-0: Ball
1-0: Foul Ball, location: 2F
1-1: Ball
2-1: Swinging Strike
2-2: Strikes out swinging
Batting: LHB Josh Birkner 0-0: Ball
Wild Pitch!
Sean Mounts to second
1-0: Foul Ball, location: 2F
1-1: Ball
2-1: Ground out U3 (Groundball, 34, EV 105.0 MPH)
Top of the 8th over - 0 runs, 1 hit, 0 errors, 1 left on base; Greeneville 1 - Princeton 19
BOTTOM OF THE 8TH
Princeton Rays batting - Pitching for Greeneville Astros : RHP James Browning
Batting: SHB Wayne Hattan 0-0: Fly out, F4 (Popup, 4, EV 70.0 MPH)
Pinch Hitting: SHB Berthold Frey 0-0: Ball
1-0: Foul Ball, location: 2F
1-1: Ball
2-1: Foul Ball, location: 2F
2-2: Ball
3-2: Base on Balls
Batting: RHB Bazyli Andrysiak 0-0: Swinging Strike
0-1: Ball
1-1: Called Strike
1-2: Foul Ball, location: 2F
1-2: SINGLE (Groundball, 34D, EV 105.0 MPH)
Berthold Frey to second
Batting: LHB Zach Rose 0-0: Ball
1-0: Ball
2-0: Ball
3-0: Base on Balls
Berthold Frey to third
Bazyli Andrysiak to second
Batting: SHB Chris Lockart 0-0: Ball
1-0: Ball
2-0: Ball
3-0: Called Strike
3-1: Swinging Strike
3-2: Foul Ball, location: 2F
3-2: Base on Balls
Berthold Frey scores
Bazyli Andrysiak to third
Zach Rose to second
Batting: RHB Chris Thorson 0-0: Ball
1-0: Ball
2-0: Swinging Strike
2-1: GRAND SLAM HOME RUN (Flyball, 78XD, EV 99.4 MPH), Distance : 402 ft
Batting: LHB Rocky Crowley 0-0: SINGLE (Flyball, 78S, EV 91.2 MPH) - OUT at second base trying to stretch hit.
Pinch Hitting: RHB Jim Lind 0-0: Ball
1-0: SINGLE (Groundball, 25, EV 61.9 MPH) (infield hit)
Batting: LHB Josh Redfern 0-0: Called Strike
0-1: Foul Ball, location: 2F
0-2: Ball
1-2: Ball
2-2: Ball
3-2: Base on Balls
Jim Lind to second
Batting: SHB Wayne Hattan 0-0: Foul Ball, location: 2F
0-1: Foul Ball, location: 2F
0-2: SINGLE (Groundball, 5L, EV 106.9 MPH)
Jim Lind to third
Josh Redfern to second
Batting: SHB Berthold Frey 0-0: Ball
1-0: Ball
2-0: Foul Ball, location: 2F
2-1: Swinging Strike
2-2: Strikes out swinging
Bottom of the 8th over - 5 runs, 5 hits, 0 errors, 3 left on base; Greeneville 1 - Princeton 24
TOP OF THE 9TH
Greeneville Astros batting - Pitching for Princeton Rays : RHP Federico Jimenez
Now at SS: Jim Lind
Now in CF: Berthold Frey
Batting: RHB Workneh Lagat 0-0: Called Strike
0-1: Ball
1-1: Ground out U3 (Groundball, 34S, EV 86.2 MPH)
Batting: LHB Jackson Trottier 0-0: Ball
1-0: Fly out, F7 (Flyball, 7LM, EV 102.5 MPH)
Batting: LHB Lou Toth 0-0: Fly out, F8 (Flyball, 8RXD, EV 95.0 MPH)
Top of the 9th over - 0 runs, 0 hits, 0 errors, 0 left on base; Greeneville 1 - Princeton 24
Wednesday, June 22nd , 2022 - OOTP Baseball 23.4 Build 64